 Dungeon Crawl Stone Soup version 0.28-a0-461-g2dc4ca5097 (webtiles) character file.

Game seed: 12874990429637445690

39 Zenkrye the Chopper (level 3, 0/31 HPs)
             Began as a Palentonga Abyssal Knight on Sept 13, 2021.
             Was a Believer of Lugonu.
             Slain by a hound (1 damage)
             ... on level 4 of the Dungeon.
             The game lasted 00:03:39 (1219 turns).

Zenkrye the Chopper (Palentonga Abyssal Knight)     Turns: 1219, Time: 00:03:40

Health: 0/31       AC:  7    Str: 16    XL:     3   Next: 26%
Magic:  5/5        EV:  8    Int: 12    God:    Lugonu [**....]
Gold:   123        SH:  0    Dex:  9    Spells: 2/2 levels left

rFire   . . .      SeeInvis +   a - +1 hand axe
rCold   . . .      Faith    .   (no shield)
rNeg    . . .      Spirit   .   f - +0 ring mail
rPois   .          Reflect  .   (no helmet)
rElec   .          Harm     .   c - +0 cloak
rCorr   .          Rampage  .   k - +0 pair of gloves
Will    .....                   (no barding)
Stlth   ..........              (no amulet)
HPRegen 0.10/turn               (no ring)
MPRegen 0.09/turn               (no ring)

@: hasted, very quick
A: large, rugged brown scales 3, see invisible, deformed body, roll 1, armoured
tail
a: Rolling Charge, Renounce Religion, Depart the Abyss, Bend Space


You were on level 4 of the Dungeon.
You worshipped Lugonu.
Lugonu was pleased with you.
You visited 1 branch of the dungeon, and saw 4 of its levels.
You visited the Abyss 1 time.

You collected 123 gold pieces.

Inventory:

Hand Weapons
 a - a +1 hand axe (weapon)
Missiles
 g - 66 sling bullets
Armour
 b - a +0 leather armour
 c - a +0 cloak (worn)
 e - a +0 plate armour
 f - a +0 ring mail (worn)
 k - a +0 pair of gloves (worn)
Scrolls
 d - 3 scrolls of identify {unknown}
 h - a scroll of magic mapping {unknown}
 m - a scroll of enchant weapon {unknown}
 o - a scroll of teleportation {unknown}
Potions
 j - a potion of flight {unknown}
 l - a potion of magic
 n - a potion of degeneration {unknown}


   Skills:
 - Level 3.0 Fighting
 * Level 3.3 Axes
 - Level 1.5 Armour
 - Level 0.7 Dodging
 + Level 2.7 Invocations


You had 2 spell levels left.
You didn't know any spells.
Your spell library contained the following spells:

 Spells                   Type           Power      Damage    Failure   Level
 Freeze                   Ice            0%         1d3       52%         1
 Frozen Ramparts          Ice            0%         1d2       88%         3
 Hailstorm                Conj/Ice       0%         3d3       99%         4


Dungeon Overview and Level Annotations

Branches:
Dungeon (4/15)             Temple (0/1) D:4

Altars:

Shops:
D:2 :

Annotations:
D:3 Sigmund


Innate Abilities, Weirdness & Mutations

You are completely covered in rugged brown scales. (AC +3, +7% HP)
You have supernaturally acute eyesight. (SInv)
Armour fits poorly on your strangely shaped body.
You can roll at nearby foes to attack.
You have a long armoured tail.


Message History

You are too injured to fight recklessly!
You are too injured to fight recklessly!
You are too injured to fight recklessly!
The hound barely misses you.
You closely miss the hound.
The hound is moderately wounded.
The hound bites you but does no damage.
You hit the hound.
The hound is moderately wounded.
The hound closely misses you. The hound bites you but does no damage.
You hit the hound.
The hound is heavily wounded.
The hound bites you but does no damage. x2
You barely miss the hound.
The hound is heavily wounded.
The hound misses you. The hound bites you but does no damage.
You hit the hound.
The hound is severely wounded.
The hound closely misses you.
You closely miss the hound.
You tail-slap the hound, but do no damage.
The hound is severely wounded.
The hound bites you but does no damage. The hound bites you.
You miss the hound.
The hound is severely wounded.
The hound bites you.
* * * LOW HITPOINT WARNING * * *
You hit the hound.
The hound is almost dead.
The hound bites you.
* * * LOW HITPOINT WARNING * * *
The hound bites you.
* * * LOW HITPOINT WARNING * * *
Okay, then.
Unknown command.
Unknown command.
It was a potion of magic.
Magic courses through your body. The hound closely misses you.
It was a potion of haste.
You feel yourself speed up. The hound bites you.
You die...

#.##
##.........#
..#
######...####
..#
..........##
#..
.########..#
### .# #..#
.. #..# #.
##.## #.⌠
#..#
###...###@.#
......)gh#.#
.⌠..>..⌠r###
.........#
###...###.
#.⌠. #. #...
.. ### .. ...


You could see a hound, a quokka and a goblin.

Vanquished Creatures
  A dart slug (D:1)
  An orc (D:4)
  3 bats
  5 endoplasms
  A giant cockroach (D:2)
  A hobgoblin (D:3)
  4 jackals (D:2)
  3 kobolds (D:1)
  4 ball pythons
  3 frilled lizards
  4 goblins
  5 rats
35 creatures vanquished.

Notes
Turn   | Place    | Note
-------+----------+-------------------------------------------
     0 | Abyss:1  | Zenkrye the Palentonga Abyssal Knight began the quest for
                  | the Orb.
     0 | Abyss:1  | Reached XP level 1. HP: 19/19 MP: 2/2
     9 | D:1      | Escaped the Abyss
   177 | D:1      | Reached XP level 2. HP: 25/25 MP: 3/3
   564 | D:2      | Found a faded altar of an unknown god.
   717 | D:2      | Found Byxenive's Book Shoppe.
   727 | D:2      | Reached ** piety under Lugonu
   840 | D:2      | Reached XP level 3. HP: 30/31 MP: 4/4
  1132 | D:3      | Noticed Sigmund
  1197 | D:4      | Found a staircase to the Ecumenical Temple.
  1217 | D:4      | HP: 1/31 [hound (3)]
  1219 | D:4      | Slain by a hound

Illustrated notes

Levels and vault maps discovered:
D:1:      dpeg_arrival_simpleton_b, layout_rooms
D:2:      layout_rooms, serial_shops, shop,
          hellmonk_ecumenical_altar_arch_garden
D:3:      layout_loops_ring, nicolae_overflow_hidden_temple, uniq_sigmund
D:4:      layout_rooms, minmay_temple_entry_junction, kennysheep_small_spiral,
          uniq_eustachio

Skill      XL: |  1  2 |
---------------+-------+-----
Axes           | 3 |  3.3
Fighting       | |  3.0
Armour         | |  1.5
Dodging        | |  0.7
Invocations    | |  2.7

Action                   || total
-------------------------++-------
Melee: Hand axe          ||    85
       Tailslap          ||     4
 Abil: Rolling Charge    ||     1
  Use: Potion            ||     2
Armor: Leather armour    ||     6
       Ring mail         ||    49
Dodge: Dodged            ||    38

Table legend: (Time is in decaauts)
 A = Elapsed time spent in this place.
 B = Non-inter-level travel time spent in this place.
 C = Inter-level travel time spent in this place.
 D = Time resting spent in this place.
 E = Time spent auto-exploring this place.
 F = Levels seen in this place.
 G = Mean time per level.
                   A        B        C        D        E       F      G
               +--------+--------+--------+--------+--------+-----+--------+
         Total |   1230 |   1198 |     32 |      0 |    926 |   5 |  246.0 |
       Dungeon |   1221 |   1189 |     32 |      0 |    925 |   4 |  305.2 |
         Abyss |      9 |      9 |      0 |      0 |      1 |   1 |    9.0 |
               +--------+--------+--------+--------+--------+-----+--------+

Top non-repeatable levels by time:
     D:1: 529 daAuts
     D:2: 521 daAuts
     D:3: 101 daAuts
     D:4: 69 daAuts
 Abyss:1: 9 daAuts
